 Dungeon Crawl Stone Soup version 0.32-a0-42-ga30500b4d3 (webtiles) character file.

Game seed: 967035342844739937

511 shadowhawk the Covered (level 6, -3/51 HPs)
             Began as an Armataur Fighter on Feb 2, 2024.
             Was an Initiate of Wu Jian.
             Slain by a black bear (7 damage)
             ... on level 5 of the Dungeon.
             The game lasted 00:34:29 (5245 turns).

shadowhawk the Covered (Armataur Fighter)           Turns: 5245, Time: 00:34:32

Health: -3/51      AC:  7    Str: 23    XL:     6   Next: 99%
Magic:  6/6        EV:  8    Int:  9    God:    Wu Jian [......]
Gold:   212        SH:  0    Dex:  9    Spells: 5/5 levels left

rFire   . . .        a - +0 war axe (chaos)
rCold   . . .        (no shield)
rNeg    . . .        r - +0 scale mail
rPois   .            (no helmet)
rElec   .            (no cloak)
rCorr   .            (no gloves)
SInv    .            (no barding)
Will    +....        (no amulet) Stlth
                     f - ring of willpower
HPRegen 0.28/turn    (no ring)
MPRegen 0.10/turn

%: roll
@: about to teleport
A: large, deformed body, tough skin 3, armoured tail, roll 1
a: Renounce Religion


You were on level 5 of the Dungeon.
You worshipped Wu Jian.
Wu Jian was noncommittal.
You visited 2 branches of the dungeon, and saw 6 of its levels.

You collected 212 gold pieces.

Inventory:

Hand Weapons
 a - a +0 war axe of chaos (weapon)
 g - a +0 dagger
 h - a +0 club
 i - a +0 club
 m - a +0 whip
 n - a +0 sling
 s - a +2 quarterstaff of chaos
 y - a +0 hammer
 z - a +0 falchion
 J - a +0 flail of draining
Missiles
 o - 18 stones (quivered)
 u - 5 atropa-tipped darts
 O - 4 boomerangs
Armour
 b - a +0 scale mail
 c - a +0 buckler
 j - a +0 robe
 k - a +0 robe
 l - a +0 pair of boots
 r - a +0 scale mail (worn)
 t - a +0 ring mail
 v - a +0 scale mail
 x - a +0 cloak
 A - a +0 chain mail
 D - a +0 barding
Jewellery
 f - a ring of willpower (left hand)
 w - a ring of positive energy
 I - a +6 ring of dexterity
 M - a ring of willpower
Scrolls
 q - a scroll of poison
 G - 2 scrolls of teleportation
 K - 2 scrolls of revelation
 N - a scroll of identify
Potions
 d - a potion of might
 e - a potion of magic
 p - 2 potions of degeneration {unknown}
 B - a potion of mutation {unknown}
 C - a potion of curing
 E - a potion of enlightenment {unknown}
 F - a potion of heal wounds {unknown}
 H - 2 potions of berserk rage {unknown}
 L - a potion of ambrosia {unknown}


   Skills:
 + Level 3.5 Fighting
 + Level 3.3 Axes
 + Level 2.3 Staves
 + Level 6.0 Armour
 + Level 0.8 Dodging
 + Level 2.1 Stealth
 + Level 3.8 Shields


You had 5 spell levels left.
You didn't know any spells.
Your spell library was empty.

Dungeon Overview and Level Annotations

Branches:
Dungeon (5/15)             Temple (1/1) D:4

Altars:
Ashenzari
Cheibriados
Dithmenos
Elyvilon
Fedhas
Gozag
Hepliaklqana
Kikubaaqudgha
Makhleb
Nemelex Xobeh
Okawaru
Qazlal
Ru
Sif Muna
Trog
Uskayaw
Vehumet
Wu Jian
Yredelemnul
Zin
The Shining One

Shops:
D:1 *

Annotations:
D:3 1 runed translucent door, Azoth's ghost, amateur DEHu


Innate Abilities, Weirdness & Mutations

Armour fits poorly on your strangely shaped body.
You have extremely tough skin. (AC +3)
You have a long armoured tail.
You regenerate magic when rolling toward enemies. (Rampage MPRegen)


Message History

The black bear claws you.
The black bear splashes around in the water.
The black bear barely misses you. The black bear claws you.
You barely miss the black bear.
The black bear is heavily wounded.
You hit the plant.
A nearby plant withers and dies.
The black bear splashes around in the water.
The black bear claws you. The black bear barely misses you.
The black bear bites you but does no damage.
The black bear claws you but does no damage. x2
The black bear bites you.
The black bear claws you but does no damage.
The black bear splashes around in the water.
You barely miss the black bear.
The black bear is heavily wounded.
The black bear bites you but does no damage.
The black bear completely misses you. The black bear closely misses you.
You barely miss the black bear.
The black bear is heavily wounded.
The black bear splashes around in the water. x3
The black bear bites you but does no damage.
The black bear claws you.
The black bear claws you but does no damage.
You hit the black bear.
The black bear is severely wounded.
The black bear bites you!
The black bear claws you but does no damage.
The black bear closely misses you. The black bear bites you!
* * * LOW HITPOINT WARNING * * *
The black bear claws you.
* * * LOW HITPOINT WARNING * * *
The black bear claws you but does no damage.
There are no items here.
As you read the scroll of teleportation, it crumbles to dust.
You feel strangely unstable. The black bear bites you.
* * * LOW HITPOINT WARNING * * *
The black bear claws you but does no damage.
The black bear splashes around in the water.
The black bear bites you!
You die...

# ###.# P##.
#.# ..P.# #.#
~P.P.## #.#
♣PP~.##.#
♣~~~~~~##
PPP♣~~~~~P#
♣~~~~~.#
#~PPP♣♣≈@~P#
#PPP♣≈≈~h~~.#


.JP ♣♣♣~PPP.# P~ PP.~#.# ≈ ~P~....# P~....### .#..#### ....# You could see a
neutral black bear (fast, strong, frenzied).

Vanquished Creatures
  2 black bears
  A scorpion (D:4)
  Crazy Yiuf (D:2)
  A bombardier beetle (D:4)
  An orc priest (D:4)
  Jessica (D:2)
  An orc wizard (D:4)
  An iguana (D:5)
  An adder (D:3)
  2 dart slugs
  A ribbon worm (D:2)
  9 orcs
  3 endoplasms
  2 giant cockroaches
  10 goblins
  6 hobgoblins
  9 jackals
  6 kobolds
  4 quokkas
  5 ball pythons
  8 bats
  4 frilled lizards
  2 rats
81 creatures vanquished.

Notes
Turn   | Place    | Note
-------+----------+-------------------------------------------
     0 | D:1      | shadowhawk the Armataur Fighter began the quest for the
                  | Orb.
     0 | D:1      | Reached XP level 1. HP: 18/18 MP: 1/1
   290 | D:1      | Reached skill level 4 in Armour
   330 | D:1      | Found Siug Ixo's Assorted Antiques.
   363 | D:1      | Reached XP level 2. HP: 25/25 MP: 2/2
   599 | D:1      | Found a faded altar of an unknown god.
  1100 | D:1      | Reached XP level 3. HP: 30/30 MP: 3/3
  1685 | D:2      | Noticed Jessica
  1691 | D:2      | Killed Jessica
  1716 | D:2      | Reached XP level 4. HP: 36/37 MP: 4/4
  2380 | D:2      | Found a runed translucent door.
  2381 | D:2      | Noticed Crazy Yiuf
  2477 | D:2      | Killed Crazy Yiuf
  2916 | D:3      | Found a runed translucent door.
  2916 | D:3      | Noticed Azoth's ghost (amateur DEHu)
  3198 | D:3      | Noticed a black bear
  3205 | D:3      | Killed a black bear
  3206 | D:3      | Reached skill level 1 in Staves
  3206 | D:3      | Reached skill level 5 in Armour
  3206 | D:3      | Reached XP level 5. HP: 29/45 MP: 5/5
  3291 | D:3      | Reached skill level 1 in Stealth
  3894 | D:4      | Found a broken altar of Ashenzari.
  4005 | D:4      | Reached XP level 6. HP: 47/51 MP: 6/6
  4006 | D:4      | Found a staircase to the Ecumenical Temple.
  4043 | Temple   | Entered the Ecumenical Temple
  4056 | Temple   | Became a worshipper of the Wu Jian Council
  4275 | D:4      | Found a radiant altar of Vehumet.
  4472 | D:4      | Found an iron altar of Okawaru.
  4657 | D:4      | Reached skill level 6 in Armour
  5010 | D:5      | Entered Level 5 of the Dungeon
  5245 | D:5      | Slain by a black bear

Illustrated notes

Levels and vault maps discovered:
D:1:      dpeg_arrival_central, layout_loops_ring, shapermc_ecumenical_altar_gd,
          serial_shops, shop
D:2:      layout_loops_cross, kennysheep_cross_room, uniq_crazy_yiuf_cottage,
          uniq_jessica
D:3:      layout_loops_cross, hellmonk_ghost_happy_afterlife
D:4:      layout_basic, lemuel_doored_altar, okawaru_metal_pillars_1_2,
          mainiacjoe_overflow_tiny_flanked, minmay_temple_entry_proselytizer
D:5:      lemuel_insect_pit, layout_loops_corners, serial_bayou,
          serial_bayou_pond_a, serial_bayou_lagoon_a, serial_bayou_pond_e,
          serial_bayou_ford_a, serial_bayou_crossing, small_statue_intersection,
          kennysheep_generic_room_8, uniq_grinder, uniq_ijyb
Temple:   compressed_dpeg_circular_temple

Skill      XL: |  1  2  3  4  5  6 |
---------------+-------------------+-----
Armour         | 4 5 6 |  6.0
Axes           | 2 3 |  3.3
Fighting       | 3 |  3.5
Staves         | 1 2 |  2.3
Stealth        | 1 2 |  2.1
Dodging        | |  0.8
Shields        | |  3.8

Action                     |  1- 3 |  4- 6 || total
---------------------------+-------+-------++-------
  Melee: War axe           |   173 |    83 ||   256
         Tailslap          |    24 |     9 ||    33
         Quarterstaff      |       |    41 ||    41
Ability: Lunge             |       |     4 ||     4
    Use: Scroll            |     1 |     9 ||    10
 Armour: Scale mail        |   113 |   146 ||   259
  Dodge: Dodged            |    51 |    63 ||   114
  Block: Buckler           |    23 |     8 ||    31

Table legend: (Time is in decaauts)
 A = Elapsed time spent in this place.
 B = Non-inter-level travel time spent in this place.
 C = Inter-level travel time spent in this place.
 D = Time resting spent in this place.
 E = Time spent auto-exploring this place.
 F = Levels seen in this place.
 G = Mean time per level.
                   A        B        C        D        E       F      G
               +--------+--------+--------+--------+--------+-----+--------+
         Total |   5344 |   4898 |    446 |    456 |   2108 |   6 |  890.7 |
       Dungeon |   5241 |   4795 |    446 |    456 |   2108 |   5 | 1048.2 |
        Temple |    102 |    102 |      0 |      0 |      0 |   1 |  102.0 |
               +--------+--------+--------+--------+--------+-----+--------+

Top non-repeatable levels by time:
     D:1: 1524 daAuts
     D:2: 1293 daAuts
     D:3: 1114 daAuts
     D:4: 1066 daAuts
     D:5: 242 daAuts
  Temple: 102 daAuts
